 Dungeon Sprint DCSS version 0.32-a0-128-g77eb882913 (webtiles) character file.

Game seed: 9904719786863731364

17962 rocky1 the Imperceptible (level 12, -9/94 (95) HPs)
             Began as a Merfolk Gladiator on Feb 8, 2024.
             Was an Initiate of Gozag.
             Mangled by a golden dragon (32 damage)
             ... in the Dungeon (Sprint I: "Red Sonja").
             The game lasted 00:26:39 (5986 turns).

rocky1 the Imperceptible (Merfolk Gladiator)        Turns: 5986, Time: 00:26:40

HP:   -9/94 (95)    AC: 15    Str: 15    XL:     12   Next: 53%
MP:   12/12         EV: 33    Int:  7    God:    Gozag
Gold: 2413          SH:  0    Dex: 29    Spells: 6/11 levels left

rFire   + + .        x - +9 sword of Power {lifebolt}
rCold   + . .        (shield currently unavailable)
rNeg    . . .        c - +3 leather armour {rF+}
rPois   +            h - +2 helmet
rElec   +            (no cloak)
rCorr   +            p - +2 pair of gloves {Dex+3}
SInv    .            o - +1 pair of boots {Fly}
Will    .....        s - amulet of regeneration
Stlth   ++++++++++   t - +5 ring of evasion
HPRegen 1.15/turn    C - +6 ring of dexterity
MPRegen 0.13/turn

%: no teleportation
@: mighty, resistant, flying, lightly drained, invisible
A: (nimble swimmer 2), mertail
a: Renounce Religion, Potion Petition, Call Merchant, Bribe Branch


You were in the Dungeon.
You worshipped Gozag.
Gozag was most pleased with you.
You visited 1 branch You collected 8843 gold pieces.
You spent 4080 gold pieces at shops.
You paid 2350 gold pieces to Gozag.

Inventory:

Hand Weapons
 a - a +1 rapier
 x - the +9 sword of Power (weapon) {lifebolt}
   (You found it in the Dungeon)
Missiles
 d - a throwing net (quivered)
 e - a javelin
Armour
 c - a +3 leather armour of fire resistance (worn)
 h - a +2 helmet (worn)
 n - +2 swamp dragon scales
 o - a +1 pair of boots of flying (worn)
 p - a +2 pair of gloves of dexterity (worn)
Jewellery
 s - an amulet of regeneration (around neck)
 t - a +5 ring of evasion (left hand)
 u - a ring of ice
 C - a +6 ring of dexterity (right hand)
Wands
 l - a wand of paralysis (11)
Scrolls
 k - 2 scrolls of blinking
 m - a scroll of amnesia
 q - a scroll of poison
 r - a scroll of torment
 v - a scroll of vulnerability {unknown}
Potions
 f - a potion of curing
 g - 2 potions of might {unknown}
 i - 2 potions of magic
 j - a potion of enlightenment {unknown}
 w - a potion of invisibility {unknown}
 z - a potion of cancellation
 B - a potion of lignification {unknown}
Miscellaneous
 b - a phial of floods
 y - a condenser vane


   Skills:
 + Level 9.2 Fighting
 - Level 14.0 Short Blades
 * Level 0.0(9.0) Long Blades
 - Level 2.0 Throwing
 - Level 7.2 Armour
 - Level 15.2 Dodging
 - Level 25.6 Stealth
 + Level 10.5 Evocations


You had 6 spell levels left.
You knew the following spells:

 Your Spells              Type           Power      Damage    Failure   Level
a - Silence               Hex/Air        0%         N/A       100%        5

Your spell library contained the following spells:

 Spells                   Type           Power      Damage    Failure   Level
 Cigotuvi's Dreadful Rot  Necr/Alch/Air  0%         N/A       63%         2
 Dispel Undead            Necr           0%         3d6       99%         4
 Martyr's Knell           Necr/Summ      0%         N/A       99%         4
 Passage of Golubria      Tloc           0%         N/A       99%         4
 Death Channel            Necr           0%         N/A       100%        6
 Lehudib's Crystal Spear  Conj/Erth      0%         10d2      100%        8


Dungeon Overview and Level Annotations

Branches:
Dungeon (1/1)

Altars:
Cheibriados
Dithmenos
Elyvilon
Fedhas
Gozag
Hepliaklqana
Kikubaaqudgha
Makhleb
Nemelex Xobeh
Okawaru
Qazlal
Ru
Sif Muna
Trog
Uskayaw
Vehumet
Wu Jian
Xom
Yredelemnul
Zin
The Shining One
Jiyva
Lugonu

Shops:
D !==:*:([[[[**!([[

Annotations:
D exclusion: door


Innate Abilities, Weirdness & Mutations

((You are very nimble when in or above water. (Stealth+, EV+, Speed+++)))
Your lower body shifts to a powerful aquatic tail in water.


Message History

You feel protected.
You feel very mighty all of a sudden.
You feel much better.
The golden dragon completely misses you.
The golden dragon barely misses you.
The golden dragon completely misses you.
Unknown command. [a] - 468 gold - resistance and invisibility [b] - 300 gold - resistance [c] - 650 gold - haste, enlightenment, curing and magic Purchase which effect?
You feel protected.
You fade into invisibility!
The golden dragon breathes poison at you.
The blast of poison misses you.
Unknown command.
You slice the golden dragon!!
The golden dragon is severely wounded.
The golden dragon bites you.
* * * LOW HITPOINT WARNING * * *
The golden dragon completely misses you.
The golden dragon misses you.
Unknown command.
You slash the golden dragon!
The golden dragon is almost dead.
The golden dragon misses you.
The golden dragon completely misses you.
The golden dragon tramples you but does no damage.
The golden dragon completely misses you.
The golden dragon claws you but does no damage.
The golden dragon tramples you.
* * * LOW HITPOINT WARNING * * *
You are shoved backwards!
You slash the golden dragon!
The bolt of energy hits the golden dragon but does no damage.
The golden dragon is almost dead.
The bolt of energy hits the shadow dragon but does no damage.
The shadow dragon is lightly wounded.
The golden dragon is almost dead.
The golden dragon bites you!!
You die...
Your body crumbles into a pile of gold.

##################
§§...§§..#..+§§§.#
§§§§.##..'..#§§.§##
#...#######§#§§§..#
###'# #).#.§§§§# #y#.#
#..##§§§§#
###..###$#..≈###@##
..##.#A#$#..≈.)#D####+#
..# .###$#..≈.##D#.§.§##
+##
##..$#..≈##°§.§.§..##$$#
##
+###..≈#.°○§§§§...#$$#
○###
#.≈..##§§§.§.....##$#
○#.###
#.≈..#...§..§§§...#(#
..°..#
###..#.....:......#$#
.....#
#.'..##§.........##$#


You could see a shadow dragon and a golden dragon.

Vanquished Creatures
  the Lernaean hydra (D)
  A deep elf master archer (D)
  A deep elf annihilator (D)
  A lorocyproca (D)
  A mummy priest (D)
  A hydra (D)
  2 centaur warriors (D)
  4 demonic crawlers (D)
  Sonja (D)
  A deep troll (D)
  A lindwurm (D)
  2 oklob plants (D)
  A merfolk siren (D)
  2 gargoyles (D)
  2 unseen horrors (D)
  2 kobold demonologists (D)
  5 hornets (D)
  3 glass eyes (D)
  A slime creature (D)
  Sigmund (D)
  A yak (D)
  13 hogs (D)
  2 redbacks (D)
  An ogre (D)
  7 necrophages (D)
  8 jellies (D)
  Ijyb (D)
67 creatures vanquished.

Vanquished Creatures (others)
  A merfolk siren (D)
  A hellwing (D)
  2 ballistomycete spores (D)
4 creatures vanquished.

Grand Total: 71 creatures vanquished

Notes
Turn   | Place    | Note
-------+----------+-------------------------------------------
     0 | D        | rocky1 the Merfolk Gladiator began the quest for the Orb.
     0 | D        | Reached XP level 1. HP: 16/16 MP: 1/1
     2 | D        | Noticed Ijyb
     9 | D        | Paralysed by Ijyb for 4 turns
    21 | D        | Paralysed by Ijyb for 2 turns
    27 | D        | Killed Ijyb
    28 | D        | Reached skill level 5 in Dodging
    28 | D        | Reached skill level 4 in Stealth
    28 | D        | Reached XP level 2. HP: 12/24 MP: 2/2
    28 | D        | Reached XP level 3. HP: 14/29 MP: 3/3
   488 | D        | Noticed an ogre
   491 | D        | Killed an ogre
   492 | D        | Reached skill level 1 in Armour
   492 | D        | Reached skill level 5 in Stealth
   492 | D        | Reached XP level 4. HP: 37/37 MP: 4/4
   703 | D        | Noticed Sigmund
   711 | D        | Killed Sigmund
   712 | D        | Reached skill level 5 in Fighting
   712 | D        | Reached skill level 6 in Stealth
   712 | D        | Reached XP level 5. HP: 41/44 MP: 5/5
   712 | D        | Reached XP level 6. HP: 48/51 MP: 6/6
   942 | D        | Found an ornate altar of the Wu Jian Council.
   942 | D        | Found a shimmering blue altar of Sif Muna.
   944 | D        | Found a radiant altar of Vehumet.
  1184 | D        | Found Hinoc's Jewellery Emporium.
  1184 | D        | Found an ancient bone altar of Kikubaaqudgha.
  1184 | D        | Found a hazy altar of Hepliaklqana.
  1184 | D        | Found a stormy altar of Qazlal.
  1184 | D        | Found a hide-covered altar of Uskayaw.
  1184 | D        | Found a blossoming altar of Fedhas.
  1184 | D        | Found a bloodstained altar of Trog.
  1184 | D        | Found an iron altar of Okawaru.
  1184 | D        | Found a basalt altar of Yredelemnul.
  1184 | D        | Found a glowing golden altar of the Shining One.
  1184 | D        | Found a snail-covered altar of Cheibriados.
  1184 | D        | Found a sacrificial altar of Ru.
  1184 | D        | Found a glowing silver altar of Zin.
  1184 | D        | Found a shadowy altar of Dithmenos.
  1184 | D        | Found a white marble altar of Elyvilon.
  1184 | D        | Noticed a yak
  1185 | D        | Found an opulent altar of Gozag.
  1186 | D        | Killed a yak
  1187 | D        | Reached skill level 7 in Stealth
  1187 | D        | Reached skill level 5 in Evocations
  1187 | D        | Found a sparkling altar of Nemelex Xobeh.
  1192 | D        | Became a worshipper of Gozag Ym Sagoz the Greedy
  1201 | D        | Noticed Sonja
  1208 | D        | Killed Sonja
  1209 | D        | Reached skill level 9 in Stealth
  1209 | D        | Reached XP level 7. HP: 33/59 MP: 7/7
  1209 | D        | Reached XP level 8. HP: 36/65 MP: 8/8
  1515 | D        | Found Fuosmuj's Distillery.
  1675 | D        | Noticed a deep troll
  1679 | D        | Killed a deep troll
  1680 | D        | Reached skill level 10 in Stealth
  1690 | D        | Found Ixarphiuh's Armour Emporium.
  1694 | D        | Bought a +1 pair of boots of flying for 198 gold pieces
  1694 | D        | Bought a +2 pair of gloves of dexterity for 258 gold pieces
  1726 | D        | Noticed a centaur warrior
  1727 | D        | Noticed a centaur warrior
  1747 | D        | Killed a centaur warrior
  1748 | D        | Reached skill level 11 in Stealth
  1748 | D        | Reached XP level 9. HP: 28/72 MP: 9/9
  1755 | D        | Killed a centaur warrior
  1756 | D        | Reached skill level 12 in Stealth
  2032 | D        | Found a burning altar of Makhleb.
  2032 | D        | Found a viscous altar of Jiyva.
  2032 | D        | Found a shimmering altar of Xom.
  2032 | D        | Found a corrupted altar of Lugonu.
  2051 | D        | Noticed a hornet
  2054 | D        | Killed a hornet
  2055 | D        | Reached skill level 5 in Armour
  2083 | D        | Bought an amulet of regeneration for 300 gold pieces
  2083 | D        | Bought a +5 ring of evasion for 360 gold pieces
  2113 | D        | Noticed an oklob plant
  2115 | D        | Killed an oklob plant
  2116 | D        | Reached skill level 13 in Stealth
  2116 | D        | Reached XP level 10. HP: 80/80 MP: 10/10
  2248 | D        | Killed an unseen horror
  2249 | D        | Reached skill level 14 in Stealth
  2278 | D        | Killed an unseen horror
  2411 | D        | Found the +15 Maxwell's patent armour {-Cast -Tele rElec
                  | Will+ rCorr}
  2480 | D        | Reached skill level 15 in Stealth
  2584 | D        | Found Avolet's Distillery.
  2584 | D        | Found Iwaahiju's Armour Emporium.
  2584 | D        | Found Hudittao's Weapon Emporium.
  2586 | D        | Found Awicwo's Assorted Antiques.
  2586 | D        | Found Qust's General Store.
  2586 | D        | Found Anwyki's Antique Armour Shop.
  2586 | D        | Found Uvaycw's Antique Armour Emporium.
  2586 | D        | Found Amiahily's Antique Armour Boutique.
  2586 | D        | Found Pacviam's Armour Shoppe.
  2586 | D        | Found Ithrathex's Weapon Shop.
  2590 | D        | Found Kirphil's Book Emporium.
  2591 | D        | Bought a coppery potion for 26 gold pieces
  2591 | D        | Bought a scroll labelled FOHYUW TEALI for 29 gold pieces
  2591 | D        | Bought a scroll labelled FOHYUW TEALI for 29 gold pieces
  2591 | D        | Found Raodurr's Assorted Antiques.
  2591 | D        | Found Icloank's Book Shoppe.
  2592 | D        | Bought a condenser vane for 400 gold pieces
  2592 | D        | Bought a potion of cancellation for 80 gold pieces
  2592 | D        | Found Musch's Jewellery Shop.
  2593 | D        | Bought an embroidered hat for 224 gold pieces
  2609 | D        | Bought a fizzy golden potion for 16 gold pieces
  2609 | D        | Bought a scroll labelled FOHYUW TEALI for 18 gold pieces
  2611 | D        | Bought a +6 ring of dexterity for 504 gold pieces
  2617 | D        | Bought a book of the Moon for 520 gold pieces
  2623 | D        | Learned a level 5 spell: Silence
  2682 | D        | Noticed a kobold demonologist
  2683 | D        | Noticed a kobold demonologist
  2685 | D        | Killed a kobold demonologist
  2687 | D        | Reached skill level 15 in Dodging
  2688 | D        | Killed a kobold demonologist
  2689 | D        | Reached skill level 16 in Stealth
  2700 | D        | Noticed a demonic crawler
  2700 | D        | Noticed a demonic crawler
  2700 | D        | Noticed a demonic crawler
  2700 | D        | Noticed a demonic crawler
  2702 | D        | Killed a demonic crawler
  2703 | D        | Reached skill level 17 in Stealth
  2746 | D        | Killed a demonic crawler
  2747 | D        | Reached XP level 11. HP: 32/89 MP: 11/11
  2757 | D        | Killed a demonic crawler
  2758 | D        | Reached skill level 18 in Stealth
  2782 | D        | Killed a demonic crawler
  2783 | D        | Reached skill level 19 in Stealth
  3184 | D        | Noticed a lindwurm
  3189 | D        | Killed a lindwurm
  3202 | D        | Reached skill level 20 in Stealth
  3226 | D        | Reached skill level 21 in Stealth
  3382 | D        | Bought a +3 leather armour of fire resistance for 312 gold
                  | pieces
  3382 | D        | Bought +2 swamp dragon scales for 806 gold pieces
  3448 | D        | Noticed a 12-headed hydra
  3455 | D        | Killed a 12-headed hydra
  3456 | D        | Reached skill level 22 in Stealth
  3663 | D        | Noticed a deep elf annihilator
  3685 | D        | Noticed a shadow dragon
  3685 | D        | Noticed a golden dragon
  3712 | D        | Identified the +4 tower shield of Xuiposoafeo {rElec}
  3712 | D        | Noticed a daeva
  4020 | D        | Killed a lorocyproca
  4879 | D        | Reached skill level 23 in Stealth
  5381 | D        | Noticed a mummy priest
  5382 | D        | Noticed an oklob plant
  5383 | D        | Killed a deep elf annihilator
  5384 | D        | Reached XP level 12. HP: 95/95 MP: 12/12
  5394 | D        | Noticed a jiangshi
  5684 | D        | Reached skill level 24 in Stealth
  5689 | D        | Killed a mummy priest
  5690 | D        | Reached skill level 10 in Evocations
  5702 | D        | Noticed the 27-headed Lernaean hydra
  5714 | D        | Killed the 27-headed Lernaean hydra
  5715 | D        | Reached skill level 25 in Stealth
  5715 | D        | Noticed a deep elf master archer
  5717 | D        | Found the +9 sword of Power {lifebolt}
  5721 | D        | Killed a deep elf master archer
  5981 | D        | HP: 4/94 [golden dragon (6)]
  5986 | D        | Mangled by a golden dragon

Illustrated notes

Levels and vault maps discovered:
D:        dungeon_sprint_1 [red_sonja_temple_1, red_sonja_temple_small_1]

Skill      XL: |  1  2  3  4  5  6  7  8  9 10 11 12 |
---------------+-------------------------------------+-----
Fighting       | 3 4 5 6 7 9 |  9.2
Short Blades   | 4 6 8 11 12 13 14 | 14.0
Dodging        | 5 7 8 11 12 13 15 | 15.2
Stealth        | 4 5 6 9 11 13 17 23 25 | 25.6
Armour         | 1 3 4 5 6 7 |  7.2
Evocations     | 2 4 6 8 9 10 | 10.5
Throwing       | |  2.0

Action                     |  1- 3 |  4- 6 |  7- 9 | 10-12 || total
---------------------------+-------+-------+-------+-------++-------
  Melee: Rapier            |    19 |     9 |    25 |   403 ||   456
         Punch             |     1 |       |     2 |    49 ||    52
         Tailslap          |       |       |     3 |     4 ||     7
         Great sword       |       |       |       |     6 ||     6
  Throw: Throwing net      |     1 |     2 |       |       ||     3
 Invoke: Potion Petition   |       |       |       |     5 ||     5
  Evoke: Wand              |       |     3 |       |       ||     3
    Use: Potion            |       |       |     1 |     5 ||     6
         Scroll            |       |       |       |     5 ||     5
   Stab: Sleeping          |     2 |     1 |     4 |    19 ||    26
         Held in net/web   |       |     1 |       |       ||     1
         Paralysed         |       |     1 |       |       ||     1
         Distracted        |       |       |       |     5 ||     5
 Armour: Leather armour    |     8 |     1 |    27 |   104 ||   140
         Swamp dragon scal |       |       |       |    85 ||    85
  Dodge: Dodged            |     3 |     6 |    28 |   390 ||   427

Table legend: (Time is in decaauts)
 A = Elapsed time spent in this place.
 B = Non-inter-level travel time spent in this place.
 C = Inter-level travel time spent in this place.
 D = Time resting spent in this place.
 E = Time spent auto-exploring this place.
 F = Levels seen in this place.
 G = Mean time per level.
                   A        B        C        D        E       F      G
               +--------+--------+--------+--------+--------+-----+--------+
         Total |   5726 |   5564 |    162 |   3716 |      0 |   1 | 5726.0 |
       Dungeon |   5726 |   5564 |    162 |   3716 |      0 |   1 | 5726.0 |
               +--------+--------+--------+--------+--------+-----+--------+

Top non-repeatable levels by time:
       D: 5726 daAuts
